Map: Honorgrounds LE

Players

StormHead - Winner!

  • Race: Protoss Protoss
  • League: Diamond
  • Spawn Location: 7:00

Musumeci

  • Race: Zerg Zerg
  • League: Diamond
  • Spawn Location: 5:00

VOD

Have the link to the VOD?

Description

Time

  • Played on: March 11, 2017, 5:52 a.m.
  • Length: 9:43
Show
View Real Time Build Order
Export as new Build Order

StormHead Protoss - Winner!

Build Orders: 1 Gate Expand 

Get SALT Encoding   

  12  0:01  Probe (Chrono Boost)  
  13  0:11  Probe (Chrono Boost)  
  14  0:19  Pylon  
  14  0:23  Probe (Chrono Boost)  
  15  0:37  Probe (Chrono Boost)  
  15  0:42  Gateway  
  16  0:48  Probe (Chrono Boost)  
  16  0:49  Assimilator  
  17  0:58  Probe (Chrono Boost)  
  18  1:09  Probe (Chrono Boost)  
  19  1:26  Nexus  
  19  1:33  Cybernetics Core  
  19  1:37  Probe (Chrono Boost)  
  20  1:42  Assimilator  
  20  1:52  Pylon, Probe (Chrono Boost)  
  21  2:03  Probe (Chrono Boost)  
  21  2:08  Adept  
  22  2:12  Warp Gate  
  25  2:15  Probe (Chrono Boost)  
  25  2:27  Probe (Chrono Boost)  
  26  2:31  Adept  
  28  2:37  Probe (Chrono Boost)  
  28  2:39  Probe (Chrono Boost)  
  29  2:48  Probe (Chrono Boost)  
  31  2:52  Twilight Council, Probe (Chrono Boost)  
  31  2:55  Adept  
  31  2:59  Probe (Chrono Boost)  
  31  3:04  Probe (Chrono Boost)  
  35  3:09  Probe (Chrono Boost)  
  35  3:12  Gateway  
  36  3:16  Probe (Chrono Boost)  
  36  3:17  Gateway  
  38  3:20  Probe (Chrono Boost)  
  39  3:28  Probe (Chrono Boost)  
  39  3:31  Adept, Probe (Chrono Boost)  
  40  3:40  Probe (Chrono Boost)  
  43  3:42  Probe (Chrono Boost)  
  43  3:44  Resonating Glaives  
  44  3:52  Probe (Chrono Boost)  
  46  3:56  Probe (Chrono Boost)  
  46  4:19  Pylon  
  46  4:20  Pylon  
  46  4:21  Pylon  
  46  4:24  Robotics Facility  
  46  4:30  Templar Archives  
  46  4:35  Pylon  
  48  4:39  Adept x2  
  48  4:40  Adept, Mothership Core (Chrono Boost)  
  48  4:44  Nexus  
  54  4:47  Pylon  
  55  4:52  Probe (Chrono Boost)  
  55  4:54  Assimilator  
  55  4:59  Assimilator  
  56  5:00  Probe (Chrono Boost)  
  56  5:05  Probe (Chrono Boost)  
  57  5:12  Probe (Chrono Boost)  
  58  5:17  Probe (Chrono Boost)  
  59  5:24  Probe (Chrono Boost)  
  59  5:28  Sentry x3  
  63  5:29  Warp Prism, Probe (Chrono Boost)  
  64  5:36  Probe (Chrono Boost)  
  64  5:41  Probe (Chrono Boost)  
  59  5:47  Pylon  
  59  5:48  Probe (Chrono Boost)  
  60  5:50  Pylon  
  60  5:53  Probe (Chrono Boost)  
  60  5:54  Gateway, Pylon  
  60  5:56  Gateway  
  61  5:57  Gateway  
  61  5:59  Gateway  
  61  6:00  Probe (Chrono Boost)  
  63  6:05  Pylon, Probe (Chrono Boost)  
  63  6:07  Adept x2  
  63  6:08  Adept  
  67  6:12  Probe (Chrono Boost)  
  60  6:32  Adept x3  
  66  6:41  Probe (Chrono Boost)  
  66  6:42  Probe x2 (Chrono Boost)  
  65  7:03  Adept x3  
  65  7:04  Adept x2  
  65  7:05  Adept  
  66  7:18  Probe (Chrono Boost)  
  66  7:19  Probe (Chrono Boost)  
  66  7:20  Probe (Chrono Boost)  
  65  7:26  Adept  
  65  7:27  Adept x3  
  65  7:28  Adept  
  65  7:29  Probe (Chrono Boost)  
  76  7:32  Probe x2 (Chrono Boost)  
  78  7:39  Probe (Chrono Boost)  
  78  7:44  Probe x2 (Chrono Boost)  
  79  7:48  Immortal  
  79  7:50  Probe (Chrono Boost)  
  76  7:56  High Templar x2, Probe (Chrono Boost)  
  76  7:57  High Templar x2  
  85  8:03  High Templar  
  85  8:05  High Templar  
  85  8:07  Archon x2  
  85  8:10  Archon  
  87  8:13  Assimilator, Probe (Chrono Boost)  
  87  8:14  Probe x2 (Chrono Boost)  
  87  8:15  Assimilator  
  87  8:17  Pylon  
  90  8:25  Robotics Bay  
  90  8:26  Probe x2 (Chrono Boost)  
  93  8:27  Warp Prism  
  93  8:28  Probe (Chrono Boost)  
  95  8:37  Probe (Chrono Boost)  
  95  8:39  Probe (Chrono Boost)  
  95  8:40  Probe (Chrono Boost)  
  98  8:42  Adept  
  98  8:43  Adept  
  98  8:47  Probe (Chrono Boost)  
  103  8:51  Probe (Chrono Boost)  
  103  8:52  Probe (Chrono Boost)  
  103  8:54  Adept  
  103  8:55  Adept x3  
  113  8:58  Stalker, Probe (Chrono Boost)  
  113  9:01  Observer  
  117  9:17  Probe (Chrono Boost)  
  117  9:19  Probe x2 (Chrono Boost)  
  120  9:24  Adept  
  120  9:25  Adept x2  
  120  9:27  Nexus  
  120  9:29  Stalker, Pylon  
  120  9:30  Stalker  
Show
View Real Time Build Order
Export as new Build Order

Musumeci Zerg 

Build Orders: Hatch First 

Get SALT Encoding   

  12  0:01  Drone  
  13  0:08  Drone  
  14  0:19  Drone, Extractor  
  15  0:40  Hatchery  
  14  0:43  Extractor  
  14  0:44  Drone  
  15  0:59  Spawning Pool  
  14  1:08  Overlord  
  14  1:14  Drone, Extractor  
  15  1:32  Drone x3  
  18  1:52  Queen, Drone x2  
  22  1:56  Queen  
  22  1:58  Drone  
  25  2:18  Hatchery  
  25  2:21  Drone  
  25  2:25  Overlord  
  25  2:33  Queen  
  27  2:46  Drone x3, Extractor  
  27  2:50  Drone x3  
  32  2:57  Drone  
  34  2:58  Drone  
  34  3:01  Drone x2  
  36  3:15  Overlord  
  36  3:16  Overlord  
  35  3:41  Zergling x10  
  38  3:53  Drone x9  
  44  4:13  Metabolic Boost  
  43  4:18  Zergling x14  
  43  4:22  Drone  
  51  4:31  Lair  
  51  4:32  Drone x5, Extractor  
  53  4:41  Zergling x2  
  53  4:42  Zergling x4  
  55  4:54  Drone x3  
  55  4:55  Drone, Baneling Nest, Extractor  
  52  5:22  Zergling x10  
  47  5:36  Zergling x22  
  57  5:46  Zergling x2  
  58  5:51  Baneling x2  
  58  5:53  Baneling x6  
  54  6:07  Zergling x2  
  54  6:08  Zergling x6  
  49  6:24  Zergling x2  
  49  6:25  Zergling x20  
  54  6:36  Baneling x2  
  54  6:41  Baneling x2  
  41  7:17  Zergling x20  
  41  7:18  Zergling x4  
  39  7:51  Drone x4  
  39  7:52  Drone x7  
  48  8:04  Drone x3  
  51  8:10  Evolution Chamber  
  51  8:11  Drone  
  51  8:12  Drone  
  52  8:13  Drone  
  52  8:14  Drone  
  52  8:17  Roach Warren  
  53  8:21  Baneling x4, Zergling x2  
  53  8:22  Zergling x8  
  53  8:25  Extractor  
  57  8:29  Overlord  
  57  8:30  Overlord x3  
  58  8:55  Zergling x20  
  64  9:04  Baneling x2  
  64  9:06  Roach x7  
  78  9:11  Extractor  
  78  9:13  Drone x3  
  78  9:15  Extractor  
  79  9:19  Baneling x6  
  79  9:22  Baneling  
Tags
 
Add a new tag
Caveats
  • Supply blocks, unpowered buildings, or Contaminate may cause inaccurate times.
  • Supply counts are checked every 10 seconds.